 Dungeon Sprint DCSS version 0.17-a0-1748-g222fba8 (webtiles) character file.

1500000 hexophile the Blinker (level 11, -16/56 HPs)
             Began as a Spriggan Warper on Sept 1, 2015.
             Was an Initiate of Makhleb.
             Demolished by a meat berserker
             ... wielding a +9 battleaxe
              (47 damage)
             ... in the Dungeon (Sprint VIII: "Arena of Blood").
             The game lasted 00:00:40 (15 turns).

hexophile the Blinker (Spriggan Warper)               Turns: 15, Time: 00:00:40

Health: -16/56     AC:  2    Str:  7    XL:     11   Next: 71%
Magic:  5/26       EV: 31    Int: 14    God:    Makhleb [......]
Gold:   0          SH:  0    Dex: 20    Spells: 1 memorised, 29 levels left

rFire  . . .     SeeInvis +     k - +∞ Axe of Woe
rCold  . . .     Clarity  .     a - +0 robe
rNeg   . . .     SustAt   .     (shield restricted)
rPois  .         Gourm    .     (helmet restricted)
rElec  .         Spirit   .     (no cloak)
rCorr  .         Warding  .     (gloves unavailable)
rMut   .         NoTele   +     (boots unavailable)
MR     +....                    (no amulet)
Stlth  +++++++...               (no ring)
                                (no ring)

@: very quick, somewhat resistant to hostile enchantments, extremely stealthy
A: unfitting armour, see invisible, herbivore 3, speed 3, slow metabolism 2
a: Renounce Religion


You were in the Dungeon.
You worshipped Makhleb.
Makhleb was noncommittal.
You were not hungry.

You visited 1 branch

Inventory:

Hand weapons
 k - the +∞ Axe of Woe (weapon)
   (You found it in the Dungeon)
Armour
 a - a +0 robe (worn)
Scrolls
 c - 2 scrolls of blinking
Potions
 f - a potion of curing
 g - a potion of heal wounds
 h - a potion of haste
 i - 2 potions of magic
 j - a potion of berserk rage
Books
 b - a book of Spatial Translocations

   Spells                             Type                      Level
   a - Apportation                    Translocation                1
   b - Blink                          Translocation                2
   c - Shroud of Golubria             Charms/Translocation         2
   d - Portal Projectile              Translocation                3
   e - Teleport Other                 Translocation                3
   f - Passage of Golubria            Translocation                4
Comestibles
 e - a bread ration


   Skills:
 + Level 5.2 Fighting
 * Level 9.3 Axes
 + Level 5.8 Throwing
 * Level 8.5 Armour
 + Level 13.1 Dodging
 * Level 15.9 Stealth
 + Level 5.2 Unarmed Combat
 + Level 10.1 Spellcasting
 + Level 18.4 Translocations
 * Level 10.8 Invocations


You had 29 spell levels left.
You knew the following spells:

 Your Spells              Type           Power        Failure   Level  Hunger
a - Apportation           Tloc           ######....   0%          1    None


Dungeon Overview and Level Annotations

Branches:
Dungeon (1/1)

Altars:
Makhleb


Innate Abilities, Weirdness & Mutations

You are tiny and cannot use many weapons and most armour.
You have supernaturally acute eyesight.
You are a herbivore.
You cover ground extremely quickly.
You need consume almost no food.


Message History

You have reached level 4!
You have reached level 5!
You feel agile.
You have reached level 6!
Your experience leads to an increase in your attributes!
Increase (S)trength, (I)ntelligence, or (D)exterity?
You feel agile.
You have reached level 7!
You have reached level 8!
You have reached level 9!
Your experience leads to an increase in your attributes!
Increase (S)trength, (I)ntelligence, or (D)exterity?
You feel agile.
You have reached level 10!
You feel agile.
You have reached level 11!
You hear a shout! x17
The meat berserker hits you with a +9 battleaxe!!!
Ouch! That really hurt!
You die...

.. .. .. ... #.
..# #.. ..# .
.###.. ..###..
......###......
......._.......
....#..@O.#....
. #_.<._# .
#...§O#
....§._.o......
......###.......
.###.. ..###..
#.. §.# . #..
..# .. ...


You could see 2 meat berserkers and a bag of meat.

Vanquished Creatures
  An orc (D)
1 creature vanquished.

Notes
Turn   | Place    | Note
--------------------------------------------------------------
     0 | D        | hexophile the Spriggan Warper began the quest for the Orb.
     0 | D        | Reached XP level 1. HP: 10/10 MP: 5/5
     3 | D        | Became a worshipper of Makhleb the Destroyer
     6 | D        | Noticed a bag of meat
     6 | D        | Noticed a bag of meat
     9 | D        | Noticed a bag of meat
     9 | D        | Noticed a meat berserker
    12 | D        | Noticed a bag of meat
    12 | D        | Noticed a meat berserker
    15 | D        | Killed a bag of meat
    15 | D        | Reached skill level 5 in Fighting
    15 | D        | Reached skill level 9 in Axes
    15 | D        | Reached skill level 5 in Throwing
    15 | D        | Reached skill level 13 in Dodging
    15 | D        | Reached skill level 15 in Stealth
    15 | D        | Reached skill level 5 in Unarmed Combat
    15 | D        | Reached skill level 10 in Spellcasting
    15 | D        | Reached skill level 18 in Translocations
    15 | D        | Reached skill level 10 in Invocations
    15 | D        | Reached XP level 2. HP: 12/18 MP: 5/14
    15 | D        | Reached XP level 3. HP: 15/23 MP: 5/15
    15 | D        | Reached XP level 4. HP: 17/27 MP: 5/17
    15 | D        | Reached XP level 5. HP: 18/30 MP: 5/18
    15 | D        | Reached XP level 6. HP: 21/35 MP: 5/20
    15 | D        | Reached XP level 7. HP: 23/39 MP: 5/21
    15 | D        | Reached XP level 8. HP: 25/43 MP: 5/23
    15 | D        | Reached XP level 9. HP: 27/47 MP: 5/24
    15 | D        | Reached XP level 10. HP: 29/51 MP: 5/25
    15 | D        | Reached XP level 11. HP: 31/56 MP: 5/26
    15 | D        | Demolished by a meat berserker

Vault maps used:
D:        meatsprint

Action                   |  1- 3 |  4- 6 |  7- 9 | 10-12 || total
-------------------------+-------+-------+-------+-------++-------
Melee: Broad axe         |     1 |       |       |       ||     1
Throw: Tomahawk          |     5 |       |       |       ||     5
